 Dungeon Crawl Stone Soup version 0.25-a0-890-g62861fb195 (webtiles) character file.

Game seed: 17030786987511624173, levelgen mode: classic

132 EnegeticOcto the Slasher (level 5, -10/37 HPs)
             Began as an Octopode Fighter on May 2, 2020.
             Mangled by a wyvern (12 damage)
             ... on level 4 of the Dungeon.
             The game lasted 00:00:52 (3640 turns).

EnegeticOcto the Slasher (Octopode Fighter)         Turns: 3640, Time: 00:00:52

Health: -10/37     AC:  1    Str: 15    XL:     5   Next: 15%
Magic:  5/5        EV: 12    Int: 10    God:
Gold:   227        SH:  9    Dex: 13    Spells: 4/4 levels left

rFire    . . .     SeeInvis .   a - +0 long sword
rCold    . . .     Gourm    .   b - +0 kite shield
rNeg     . . .     Faith    .   (helmet restricted)
rPois    .         Spirit   .   (no amulet)
rElec    .         Reflect  .   (no ring)
rCorr    .         Harm     .   (no ring)
MR       .....                  (no ring)
Stlth    ++........             (no ring)
HPRegen  0.12/turn              (no ring)
MPRegen  0.09/turn              (no ring)
                                (no ring)
                                (no ring)

@: no status effects
A: almost no armour, stealthy swim, amphibious, 8 rings, constrict 8, camouflage
1, gelatinous body 1
a: no special abilities


You were on level 4 of the Dungeon.
You were not hungry.

You visited 1 branch of the dungeon, and saw 4 of its levels.

You collected 227 gold pieces.

Inventory:

Hand Weapons
 a - a +0 long sword (weapon)
Armour
 b - a +0 kite shield (worn)
Wands
 l - a wand of iceblast (6)
Scrolls
 c - 5 scrolls of teleportation {unknown}
 d - a scroll of enchant armour {unknown}
 h - 3 scrolls of remove curse {unknown}
 i - a scroll of enchant weapon {unknown}
 j - a scroll of amnesia {unknown}
Potions
 f - a potion of curing {unknown}
 g - a potion of haste {unknown}
 k - 2 potions of might {@q3}
 n - a potion of magic {unknown}
 o - a potion of resistance {unknown}
Comestibles
 e - 9 rations


   Skills:
 + Level 3.8 Fighting
 * Level 3.9 Long Blades
 - Level 3.0 Dodging
 + Level 3.7 Shields


You had 4 spell levels left.
You didn't know any spells.
Your spell library was empty.

Dungeon Overview and Level Annotations

Branches:
Dungeon (4/15)
 Temple: D:4-7

Altars:
Wu Jian
Xom


Innate Abilities, Weirdness & Mutations

You cannot wear most types of armour.
You are very stealthy in the water. (Stealth+)
You are amphibious.
You can wear up to eight rings at the same time.
You can use your tentacles to constrict eight enemies at once.
Your skin changes colour to match your surroundings (Stealth+).
Your rubbery body absorbs attacks. (AC +1, EV +1)


Message History

No target in view!
No target in view!
No target in view!
No target in view!
Done exploring.
Done exploring.
Done exploring.
Done exploring.
Done exploring.
(D) Dungeon
Where to? (Enter - D:3, ? - help)
There is a stone staircase leading down here.
You climb downwards.
A worm comes into view.
There is a stone staircase leading up here.
A worm is nearby!
A worm is nearby!
The worm bites you.
You hit the worm. You grab the worm.
The worm is lightly wounded.
You constrict the worm. You hit the worm. You squeeze the worm.
The worm is heavily wounded.
You constrict the worm. You block the worm's attack.
You hit the worm but do no damage.
The worm is heavily wounded.
You constrict the worm. The worm closely misses you.
You riposte.
You slash the worm!
You kill the worm!
No target in view!
No target in view!
No target in view!
No target in view!
No target in view!
No target in view!
No target in view!
HP restored.
An orc wizard comes into view.
It is wielding a +0 dagger and wearing a +0 robe of fire resistance.
The orc wizard shouts!
You hear a shout!
An ogre comes into view. It is wielding a +0 giant spiked club.
An orc comes into view. It is wielding a +0 hand axe.
An orc comes into view. It is wielding a +0 mace.
An orc comes into view. It is wielding a +0 dagger.
There are monsters nearby!
There are monsters nearby!
There are monsters nearby!
There are monsters nearby!
There are monsters nearby!
The orc shouts!
The orc shouts!
The ogre shouts!
An orc comes into view.
Found a scroll labeled FAUBOKLEREH.
The orc shouts!
You hit the orc. Your grab misses the orc. You squeeze the orc.
The orc is heavily wounded.
A wyvern comes into view.
The orc wizard mumbles some strange words.
The orc wizard flickers and vanishes!
Deactivating autopickup; reactivate with Ctrl-A.
You hit the orc. You grab the orc.
The orc is severely wounded.
You constrict the orc.
You kill the orc!
The ogre barely misses you.
You riposte.
You hit the ogre.
The ogre is lightly wounded.
You barely miss the ogre.
The ogre is lightly wounded.
The ogre hits you with a cursed +0 giant spiked club.
You hit the ogre.
The ogre is moderately wounded.
Something hits you. The orc hits you with a +0 mace. The ogre misses you.
You hit the ogre.
The ogre is moderately wounded.
The orc hits you with a +0 mace.
You hear some strange, mumbled words.
A magic dart appears from out of thin air!
The magic dart hits you! The orc hits you with a +0 hand axe.
* * * LOW HITPOINT WARNING * * *
You block the ogre's attack.
You are too injured to fight recklessly!
You are too injured to fight recklessly!
You are too injured to fight recklessly!
You are too injured to fight recklessly!
You are too injured to fight recklessly!
You are too injured to fight recklessly!
You are too injured to fight recklessly!
You are too injured to fight recklessly!
You are too injured to fight recklessly!
You are too injured to fight recklessly!
You are too injured to fight recklessly!
You are too injured to fight recklessly!
You are too injured to fight recklessly!
You hear some strange, mumbled words.
A puff of flame appears from out of thin air!
The puff of flame hits you.
* * * LOW HITPOINT WARNING * * *
You hit something. You squeeze something. Something hits you.
* * * LOW HITPOINT WARNING * * *
The wyvern bites you!
You die...

.######## ## . ...#...#
#.. ##.. #.....####.#
##..... #......##.#
##...##
##...#.##.###<.#..##
#....#...............
###....#....#...###.##.
##..##...oo.o.........##
..
......)..O.{@............#
#
##.....####l...........#.#
#.#... #............# ..
#...#. ##..........## .
#....#. ##....#....# ?.#.
.. ###....#.## # # #.
...##..# #. #... .## .###


You could see a wyvern, an ogre and 3 orcs.

Vanquished Creatures
  An orc wizard (D:3)
  4 adders (D:2)
  3 worms
  4 dart slugs
  2 leopard geckos
  3 orcs
  10 bats
  4 goblins
  7 hobgoblins
  2 jackals (D:1)
  4 kobolds
  2 frilled lizards
  A quokka skeleton (D:2)
  7 rats
54 creatures vanquished.

Vanquished Creatures (others)
  A quokka (D:4)
1 creature vanquished.

Grand Total: 55 creatures vanquished

Notes
Turn   | Place    | Note
-------+----------+-------------------------------------------
     0 | D:1      | EnegeticOcto the Octopode Fighter began the quest for the
                  | Orb.
     0 | D:1      | Reached XP level 1. HP: 16/16 MP: 1/1
    62 | D:1      | Reached XP level 2. HP: 9/21 MP: 2/2
   794 | D:1      | Reached XP level 3. HP: 9/26 MP: 3/3
  1917 | D:2      | Reached XP level 4. HP: 31/31 MP: 4/4
  2817 | D:3      | Found an ornate altar of the Wu Jian Council.
  3264 | D:3      | Found a shimmering altar of Xom.
  3265 | D:3      | Found a shimmering altar of Xom.
  3271 | D:3      | Found a shimmering altar of Xom.
  3328 | D:3      | Found a shimmering altar of Xom.
  3471 | D:3      | Reached XP level 5. HP: 30/37 MP: 5/5
  3626 | D:4      | Noticed an ogre
  3630 | D:4      | Noticed a wyvern
  3640 | D:4      | Mangled by a wyvern

Levels and vault maps discovered:
D:1:      moated_graveyard_arrival, layout_basic
D:2:      layout_basic
D:3:      layout_basic, xom_redecorated, old_standard_altar
D:4:      minmay_wonky_spiral, layout_rooms, nicolae_tso_besieged_by_evil,
          lemuel_blue_sif_altar, minmay_temple_entry_offerings,
          grunt_decor_arrowhead, elyvilon_altar_4, uniq_menkaure

Skill      XL: |  1  2  3 |
---------------+----------+-----
Long Blades    | 3 |  3.9
Fighting       | |  3.8
Dodging        | |  3.0
Shields        | |  3.7

Action                   |  1- 3 |  4- 6 || total
-------------------------+-------+-------++-------
Melee: Long sword        |    67 |    42 ||   109
       Constrict         |    20 |    15 ||    35
       Tentacles         |     7 |     7 ||    14
 Stab: Sleeping          |     4 |     5 ||     9
  Eat: Chunk             |     3 |     5 ||     8
Armor: Skin              |    10 |     3 ||    13
Dodge: Dodged            |    31 |    13 ||    44
Block: Kite shield       |    34 |    10 ||    44
       Rpst.: Long sword |     9 |     3 ||    12

Table legend:
 A = Non-vault XP
 B = Vault XP
 C = Vault XP percentage of total XP
 D = Non-vault monster count
 E = Vault monster count
 F = Vault count percentage of total count
                 A         B        C        D         E       F
            +---------+---------+-------+---------+---------+-------
      Total |     189 |       0 |   0.0 |      54 |       0 |   0.0
            +---------+---------+-------+---------+---------+-------
        D:1 |      42 |       0 |   0.0 |      25 |       0 |   0.0
        D:2 |      84 |       0 |   0.0 |      17 |       0 |   0.0
        D:3 |      55 |       0 |   0.0 |      10 |       0 |   0.0
        D:4 |       8 |       0 |   0.0 |       2 |       0 |   0.0
            +---------+---------+-------+---------+---------+-------
